 Dungeon Crawl Stone Soup version 0.17.0-24-gcfadda4 (webtiles) character file.

233 Medar the Chiller (level 5, 0/21 HPs)
             Began as a Felid Ice Elementalist on Nov 17, 2015.
             Was an Initiate of Vehumet.
             Killed by divine providence
             ... invoked by an orc priest
              (12 damage)
             ... on level 4 of the Dungeon.
             The game lasted 00:13:46 (5746 turns).

Medar the Chiller (Felid Ice Elementalist)          Turns: 5746, Time: 00:13:47

Health: 0/21       AC:  2    Str:  4    XL:     5   Next: 74%
Magic:  6/12       EV: 13    Int: 18    God:    Vehumet [......]
Gold:   215        SH:  0    Dex: 17    Spells: 4 memorised, 2 levels left
                                        Lives:  0   Deaths: 1

rFire  . . .     SeeInvis +     (weapon unavailable)
rCold  . . .     Clarity  .     (armour unavailable)
rNeg   . . .     SustAt   .     (shield unavailable)
rPois  .         Gourm    .     (helmet unavailable)
rElec  .         Spirit   .     (cloak unavailable)
rCorr  .         Warding  .     (gloves unavailable)
rMut   .         Stasis   .     (boots unavailable)
MR     .....                    (no amulet)
Stlth  +++.......               (no ring)
                                s - ring of wizardry

@: quick, not resistant to hostile enchantments, fairly stealthy
A: no armour, no weapons or thrown items, claws 1, fangs 3, see invisible,
carnivore 3, speed 1, shaggy fur 2, slow metabolism 1, sharp paws
a: Renounce Religion


You were on level 4 of the Dungeon.
You worshipped Vehumet.
Vehumet was noncommittal.
You were not hungry.

You visited 2 branches of the dungeon, and saw 5 of its levels.

You collected 215 gold pieces.

Inventory:

Jewellery
 s - a ring of wizardry (left paw)
Wands
 q - a wand of paralysis (15)
 r - a wand of magic darts (5)
Scrolls
 c - a scroll of amnesia {unknown}
 d - 2 scrolls of blinking {unknown}
 e - 3 scrolls of enchant weapon {unknown}
 g - a scroll of magic mapping {unknown}
 h - a scroll of random uselessness {unknown}
 i - 5 scrolls of remove curse {unknown}
 j - 2 scrolls of fear {unknown}
 n - 3 scrolls of teleportation {unknown}
 p - 4 scrolls of identify {unknown}
Potions
 k - a potion of degeneration {unknown}
 m - a potion of curing {unknown}
 o - a potion of lignification {unknown}
Books
 a - a book of Frost

   Spells                             Type                      Level
   a - Freeze                         Ice                          1
   b - Throw Frost                    Conjuration/Ice              2
   c - Ozocubu's Armour               Charms/Ice                   3
   d - Throw Icicle                   Conjuration/Ice              4
   e - Summon Ice Beast               Ice/Summoning                4
   f - Condensation Shield            Ice                          4
Comestibles
 b - 4 meat rations {@e2}
 f - a slice of pizza
 l - a royal jelly


   Skills:
 - Level 2.6 Dodging
 - Level 2.6 Stealth
 - Level 4.0 Spellcasting
 + Level 1.9 Conjurations
 - Level 1.6 Charms
 - Level 5.2 Ice Magic


You had 2 spell levels left.
You knew the following spells:

 Your Spells              Type           Power        Failure   Level  Hunger
c - Throw Frost           Conj/Ice       ###...       2%          2    ##.....
v - Throw Icicle          Conj/Ice       ###.....     14%         4    ####...
x - Freeze                Ice            ###.         1%          1    None
y - Ozocubu's Armour      Chrm/Ice       ###.....     6%          3    ###....


Dungeon Overview and Level Annotations

Branches:
Dungeon (4/15)             Temple (1/1) D:4

Altars:
Dithmenos
Elyvilon
Fedhas
Kikubaaqudgha
Nemelex Xobeh
Okawaru
Qazlal
Ru
Vehumet
Xom
Zin
The Shining One

Annotations:
D:4 exclusion: orc priest


Innate Abilities, Weirdness & Mutations

You cannot wear armour.
You are incapable of wielding weapons or throwing items.
You have sharp claws.
You have razor-sharp teeth.
You have supernaturally acute eyesight.
You are carnivorous and can eat meat at any time.
You cover ground quickly.
You are covered in thick fur (AC +2).
You have a slow metabolism.
Your sharp claws are effective at attacking unaware monsters.


Message History

Confirm with . or Enter, or press ? or * to list all spells.
Aiming: Throw Frost
Press: ? - help, Shift-Dir - straight line, f - orc priest
Aim: an orc priest The puff of frost hits the orc priest.
The orc priest is moderately wounded.
The orc shouts!
Casting: Throw Frost
Confirm with . or Enter, or press ? or * to list all spells.
Aiming: Throw Icicle
Press: ? - help, Shift-Dir - straight line, f/p - orc priest
Aim: an orc priest (moderately wounded)
The shard of ice hits the orc priest.
The orc priest is heavily wounded.
The orc priest mumbles some strange prayers to Beogh against you.
Pain shoots through your body!
The orc priest invokes the aid of Beogh against you.
Something smites you!
Ouch! That really hurt!
You die...

..##### .## .## ### .
..### ##.########.
#...## ##..........
###..### #.........#
##...####.........#
###..##..........#
...... ##.........@...#
.......
##..##....o...##........
#..####..o.).#.........
#..# ##.....#........#
...# ###...#.......#
..... ###.#.......#
....... ##.......#
........ #.......#
#...?..?#


You could see an orc priest and an orc.

Vanquished Creatures
  Ijyb (D:3)
  A hound (D:4)
  5 orc wizards
  2 iguanas
  A worker ant (D:4)
  4 adders
  4 oozes
  A worm (D:2)
  10 orcs
  6 bats
  7 giant cockroaches
  11 goblins
  6 hobgoblins
  6 jackals
  3 kobolds (D:1)
  2 quokkas
  2 ball pythons
  3 giant newts
  9 rats
84 creatures vanquished.

Notes
Turn   | Place    | Note
--------------------------------------------------------------
     0 | D:1      | Medar the Felid Ice Elementalist began the quest for the Orb.
     0 | D:1      | Reached XP level 1. HP: 7/7 MP: 4/4
   290 | D:1      | Reached skill level 3 in Ice Magic
   376 | D:1      | Reached XP level 2. HP: 9/11 MP: 4/6
   516 | D:1      | Learned a level 2 spell: Throw Frost
  1241 | D:1      | Reached XP level 3. HP: 14/14 MP: 5/7
  1254 | D:1      | Learned a level 3 spell: Ozocubu's Armour
  1619 | D:1      | Reached skill level 4 in Ice Magic
  2383 | D:2      | Reached XP level 4. HP: 18/18 MP: 4/8
  2933 | D:2      | Noticed an angel
  2934 | D:2      | Found a glowing silver altar of Zin.
  3429 | D:3      | Reached skill level 5 in Ice Magic
  3431 | D:3      | Reached XP level 5. HP: 18/21 MP: 0/9
  3538 | D:3      | Reached skill level 1 in Charms
  4246 | D:3      | Noticed Ijyb
  4254 | D:3      | Paralysed by Ijyb for 4 turns
  4260 | D:3      | Killed Ijyb
  4566 | D:4      | Learned a level 4 spell: Throw Icicle
  4824 | D:3      | Gained mutation: You are covered in thick fur (AC +2). [Felid growth]
  4824 | D:3      | Reached XP level 6. HP: 24/24 MP: 9/12
  5137 | D:4      | Found a staircase to the Ecumenical Temple.
  5148 | Temple   | Entered the Ecumenical Temple
  5361 | Temple   | Became a worshipper of Vehumet
  5431 | D:4      | Killed from afar by an orc priest
  5432 | D:4      | Reached XP level 5. HP: -2/21 MP: 6/12
  5452 | D:4      | Reached skill level 1 in Conjurations
  5746 | D:4      | Killed from afar by an orc priest

Action                   |  1- 3 |  4- 6 || total
-------------------------+-------+-------++-------
Melee: Unarmed           |     4 |     4 ||     8
 Cast: Freeze            |    74 |    93 ||   167
       Throw Frost       |       |    14 ||    14
       Ozocubu's Armour  |       |     3 ||     3
       Throw Icicle      |       |     3 ||     3
  Eat: Chunk             |    11 |     7 ||    18
